 Dungeon Crawl Stone Soup version 0.31-a0-859-g9dce7d3 (webtiles) character file.

Game seed: 8646979368550582957

1893548 BarneyGumball the Merry Demigod (level 26, 223/223 HPs)
             Began as a Demigod Hunter on Oct 9, 2023.
             Escaped with the Orb
             ... and 3 runes!
             The game lasted 05:09:49 (56592 turns).

BarneyGumball the Merry Demigod (Demigod Hunter)   Turns: 56592, Time: 05:09:50

Health: 223/223    AC: 22    Str:  7    XL:     26   Next: 15%
Magic:  32/32      EV: 51    Int: 17    God:
Gold:   2712       SH:  0    Dex: 49    Spells: 24/31 levels left

rFire   + + .        X - +7 longbow (freeze)
rCold   + . .        (shield currently unavailable)
rNeg    + . .        K - +3 troll leather armour
rPois   +            y - +0 hat "Qofos" {rPois Int+3 Stlth+}
rElec   +            j - +3 cloak of the Catfish {rCorr Int+3 Slay+2 SInv}
rCorr   +            b - +0 pair of gloves of Henotheism {rPois rF++ Will+ Int+2}
SInv    +            P - +2 pair of boots {Stlth+}
Will    +++++        W - amulet of regeneration
Stlth   ++           E - ring of Fukk {Ice rElec rPois rN+}
HPRegen 2.17/turn    R - ring of the Barnacle {Fly rF+ rCorr Str-3}
MPRegen 0.23/turn

%: no passive effects
@: flying
A: high MP 1, forlorn, divine attributes, iridescent scales 2, dopey 1, frail 1,
strong-willed 2, weak 1
0: Orb of Zot
}: 3/15 runes: barnacled, abyssal, gossamer
a: no special abilities


You escaped.
You visited 9 branches of the dungeon, and saw 46 of its levels.
You visited the Abyss 1 time.
You visited 1 bazaar.
You also visited: Trove.

You collected 9542 gold pieces.
You spent 6830 gold pieces at shops.

Inventory:

Hand Weapons
 X - a +7 longbow of freezing (weapon)
Armour
 b - the +0 pair of gloves of Henotheism (worn) {rPois rF++ Will+ Int+2}
   (You bought it in a shop in a bazaar)

   Int+2:     It affects your intelligence (+2).
   rF++:      It greatly protects you from fire.
   rPois:     It protects you from poison Will+: It increases your willpower.
 j - the +3 cloak of the Catfish (worn) {rCorr Int+3 Slay+2 SInv}
   (You found it on level 2 of the Vaults)

   Int+3:     It affects your intelligence (+3).
   Slay+2:    It affects your accuracy & damage with ranged weapons and melee
   (+2).
   SInv:      It lets you see invisible.
   rCorr:     It protects you from acid and corrosion.
 v - the +2 pair of slick slippers {slick, slippery, EV+4}
   (You found it in a treasure trove)

   Slick:     Its wearer cannot be constricted, engulfed, netted or webbed.
   Slippery:  Its wearer slips away from damaging melee attacks, pulling the
   attacker onward.
   EV+4:      It affects your evasion (+4).
 y - the +0 hat "Qofos" (worn) {rPois Int+3 Stlth+}
   (You found it in a treasure trove)

   Int+3:     It affects your intelligence (+3).
   rPois:     It protects you from poison Stlth+: It makes you more stealthy.
 B - a scarf of resistance
 K - a +3 troll leather armour (worn)
 P - a +2 pair of boots of stealth (worn)
Jewellery
 e - the ring of Hueplymn {rPois Will+ MP+9 Dex+4}
   (You acquired it on level 3 of the Spider Nest)

   [ring of magical power]

   Dex+4:     It affects your dexterity (+4).
   rPois:     It protects you from poison Will+: It increases your willpower.
   MP+9:      It affects your magic capacity (+9).
 E - the ring of Fukk (left hand) {Ice rElec rPois rN+}
   (You took it off Josephina on level 2 of the Depths)

   [ring of ice]

   Ice:       It enhances your ice magic.
   rF-:       It makes you vulnerable to fire.
   rC+:       It protects you from cold.
   rElec:     It insulates you from electricity.
   rPois:     It protects you from poison rN+: It protects you from negative
   energy.
 N - a ring of see invisible
 R - the ring of the Barnacle (right hand) {Fly rF+ rCorr Str-3}
   (You acquired it on level 2 of the Shoals)

   [ring of flight]

   Str-3:     It affects your strength (-3).
   rF+:       It protects you from fire.
   Fly:       It grants you flight.
   rCorr:     It protects you from acid and corrosion.
 W - an amulet of regeneration (around neck)
 Z - a ring of willpower
Wands
 r - a wand of roots (38)
 O - a wand of digging (15)
 S - a wand of polymorph (29)
 T - a wand of mindburst (27)
 U - a wand of flame (81)
 V - a wand of acid (14)
 Y - a wand of paralysis (70)
Scrolls
 h - 10 scrolls of fear
 i - a scroll of enchant weapon
 k - 2 scrolls of butterflies
 l - 4 scrolls of blinking
 m - 12 scrolls of immolation
 n - 6 scrolls of teleportation {15 trove}
 o - 12 scrolls of vulnerability
 s - 9 scrolls of amnesia
 t - 2 scrolls of revelation
 x - 8 scrolls of poison
 C - 4 scrolls of enchant armour
 F - 11 scrolls of fog
 L - a scroll of silence
Potions
 a - 3 potions of haste
 d - 18 potions of curing
 f - 4 potions of enlightenment
 g - 3 potions of resistance
 p - 8 potions of heal wounds
 q - 11 potions of attraction
 w - 4 potions of invisibility
 z - 6 potions of magic
 D - 2 potions of cancellation
 G - 4 potions of might
 H - 3 potions of mutation
 I - 8 potions of lignification
 J - 7 potions of brilliance
 M - 2 potions of berserk rage
 Q - 14 potions of ambrosia
Miscellaneous
 c - a condenser vane
 u - a lightning rod (4/4)
 A - a phantom mirror


   Skills:
 + Level 22.4 Fighting
 O Level 27 Ranged Weapons
 + Level 16.6 Armour
 + Level 22.3 Dodging
 - Level 4.0 Stealth
 - Level 3.0 Spellcasting
 - Level 6.0 Translocations
 - Level 6.0 Transmutations
 - Level 2.0 Earth Magic
 - Level 15.0 Evocations


You had 24 spell levels left.
You knew the following spells:

 Your Spells              Type           Power      Damage    Failure   Level
a - Wereblood             Tmut           22%        N/A       2%          2
b - Blink                 Tloc           44%        N/A       2%          2
c - Passwall              Tmut/Erth      13%        N/A       6%          2
d - Apportation           Tloc           44%        N/A       1%          1

Your spell library contained the following spells:

 Spells                   Type           Power      Damage    Failure   Level
 Lesser Beckoning         Tloc           44%        N/A       2%          2
 Gell's Gravitas          Tloc           22%        N/A       5%          3
 Teleport Other           Tloc           22%        N/A       5%          3
 Sting                    Tmut/Pois      48%        1d5       6%          1
 Sandblast                Erth           18%        2d7       10%         1
 Momentum Strike          Conj/Tloc      24%        3d8       10%         2
 Volatile Blastmotes      Fire/Tloc      24%        2d12      19%         3
 Manifold Assault         Tloc           22%        N/A       19%         4
 Magic Dart               Conj           8%         1d3       22%         1
 Necrotise                Necr           8%         1d4       22%         1
 Shock                    Conj/Air       8%         1d3       22%         1
 Slow                     Hex            8%         N/A       22%         1
 Summon Small Mammal      Summ           8%         N/A       22%         1
 Ignite Poison            Fire/Tmut/Pois 9%         N/A       28%         3
 Call Imp                 Summ           4%         N/A       32%         2
 Cigotuvi's Dreadful Rot  Necr/Pois/Air  4%         N/A       32%         2
 Ensorcelled Hibernation  Hex/Ice        6%         N/A       32%         2
 Jinxbite                 Hex            4%         N/A       32%         2
 Searing Ray              Conj           4%         2d4       32%         2
 Static Discharge         Conj/Air       4%         2-3/arc   32%         2
 Petrify                  Tmut/Erth      16%        N/A       38%         4
 Stone Arrow              Conj/Erth      10%        3d7       41%         3
 Call Canine Familiar     Summ           2%         N/A       54%         3
 Confusing Touch          Hex            2%         N/A       54%         3
 Frozen Ramparts          Ice            6%         1d1       54%         3
 Ozocubu's Armour         Ice            3%         N/A       54%         3
 Sigil of Binding         Hex            2%         N/A       54%         3
 Summon Guardian Golem    Hex/Summ       2%         N/A       54%         3
 Swiftness                Air            2%         N/A       54%         3
 Tukima's Dance           Hex            2%         N/A       54%         3
 Vampiric Draining        Necr           2%         2d6       54%         3
 Dimensional Bullseye     Hex/Tloc       6%         N/A       54%         4
 Iskenderun's Mystic Bla  Conj/Tloc      12%        2d5       54%         4
 Animate Armour           Summ/Erth      10%        N/A       82%         4
 Brom's Barrelling Bould  Conj/Erth      5%         2d3       82%         4
 Leda's Liquefaction      Hex/Erth       2%         N/A       82%         4
 Irradiate                Conj/Tmut      6%         3d13      87%         5
 Yara's Violent Unravell  Hex/Tmut       6%         3d5       87%         5
 Airstrike                Air            1%         2d(1-17)  91%         4
 Anguish                  Hex/Necr       1%         N/A       91%         4
 Cause Fear               Hex            1%         N/A       91%         4
 Fulminant Prism          Conj/Hex       1%         3d5       91%         4
 Summon Ice Beast         Ice/Summ       3%         N/A       91%         4
 Summon Lightning Spire   Summ/Air       2%         N/A       91%         4
 Lee's Rapid Deconstruct  Erth           4%         3d5*      95%         5
 Dispersal                Tloc           11%        N/A       96%         6
 Agony                    Necr           2%         N/A       99%         5
 Freezing Cloud           Conj/Ice/Air   1%         6-21      99%         5
 Iskenderun's Battlesphe  Conj           2%         2d6       99%         5
 Metabolic Englaciation   Hex/Ice        1%         N/A       99%         5
 Bombard                  Conj/Erth      2%         9d1       100%        6
 Conjure Ball Lightning   Conj/Air       1%         3x3d6     100%        6
 Plasma Beam              Fire/Air       1%         2x1d11    100%        6
 Simulacrum               Ice/Necr       1%         N/A       100%        6
 Enfeeble                 Hex            1%         N/A       100%        7
 Haunt                    Necr/Summ      1%         N/A       100%        7
 Orb of Destruction       Conj           1%         9d5       100%        7
 Ozocubu's Refrigeration  Ice            1%         4d7       100%        7
 Spellforged Servitor     Conj/Summ      1%         N/A       100%        7
 Borgnjor's Revivificati  Necr           1%         N/A       100%        8
 Discord                  Hex            1%         N/A       100%        8
 Disjunction              Tloc           11%        N/A       100%        8
 Lehudib's Crystal Spear  Conj/Erth      2%         10d2      100%        8
 Death's Door             Necr           1%         N/A       100%        9
 Fire Storm               Conj/Fire      1%         7d1       100%        9


Dungeon Overview and Level Annotations

Branches:
Dungeon (15/15)            Temple (0/1) D:7            Lair (5/5) D:10
 Shoals (4/4) Lair:2       Spider (4/4) Lair:2        Slime (0/5) Lair:5
    Orc (2/2) D:11            Elf (3/3) Orc:2        Vaults (4/5) D:14
  Crypt (0/3) Vaults:3     Depths (4/4) D:15            Zot (5/5) Depths:4

Shops:
D:3 *:   D:4 [   D:6 *   Orc:1 *   Orc:2 *::*   Elf:3 !   Vaults:1 ?
Vaults:4 **(?!

Portals:
Hell: Depths:1 Depths:2 Depths:3 Depths:4
Abyss: Depths:3 Depths:4
Pandemonium: Depths:2
Ziggurat: Depths:1

Annotations:
D:14 Roxanne
Shoals:1 1 exclusion
Spider:2 Asterion
Spider:4 Agnes
Elf:2 4 runed translucent doors, exclusion: 4 doors, Niuneny's ghost, journeyman FeEE
Vaults:3 2 transporters, Muimask's ghost, adept HOFi
Zot:4 1 transporter


Innate Abilities, Weirdness & Mutations

You have an increased reservoir of magic. (+10% MP)
You shall have no god before yourself.
Your divine heritage dramatically boosts your attributes as you level up.
You are mostly covered in iridescent scales. (AC +4)
You are dopey. (Int -2)
You are frail. (-10% HP)
You are highly strong-willed. (Will++)
You are weak. (Str -2)


Message History

Aiming: Dig
Press: ? - help, Shift-Dir - straight line You can't see that place.
The rock shatters into small pieces.
Aiming: Dig
Press: ? - help, Shift-Dir - straight line You can't see that place. [a stone staircase leading up.]
The rock shatters into small pieces.
There is a stone staircase leading up here.
You fly upwards.
There is a stone staircase leading down here.
Things that are here:
a +0 robe; a +0 dagger You see here a +0 whip.
You see here a +0 spear.
There is a stone staircase leading up here.
You fly upwards.
There is a stone staircase leading down, spattered with blood here.
Aiming: Dig
Press: ? - help, Shift-Dir - straight line This square is covered in magical glow.
The rock shatters into small pieces.
There is a stone staircase leading up here.
You fly upwards.
A hellion comes into view.
There is a stone staircase leading down here.
You shoot an arrow. The arrow hits the hellion!!!
The arrow freezes the hellion!
You kill the hellion!
An Orb Guardian comes into view.
There is a stone staircase leading up here.
You fly upwards.
There is a stone staircase leading down here.
There is a stone staircase leading up here.
You fly upwards.
There is a stone staircase leading down, spattered with blood here.
You see here a +0 dagger.
There is a staircase leading out of the dungeon here.
You have escaped!

#[####.####################..#
##.# ###~##..## #######...#..#
#..####..(.###.###.#.#..####...
#.###...~......)....#..#####...
#.##..~~≈~...~~~~..##....#.#...
#.##.~~~...~≈.≈≈≈~....~.##.)..#
#.##.~.~.~~~~~.~~~..~~..#..#..#
#.####..~≈≈≈≈~..~≈≈~~..##.##.##
#.#####.≈≈≈≈~.@..≈≈≈~.##.###.##
#....#.~~≈≈≈≈~~~~≈≈≈~~..####...
#...##...~≈≈≈~.≈~~~~...#..##.#.
#.##.###.~~~≈≈~.≈~......####.##
#.##..#......~~~.~~...#########
#..##...~~....≈~.##..#.)†..#
##..###...##########...##..#
##.##.######### ######.##
#.########...# ###


There were no monsters in sight!

Vanquished Creatures
  4 dread liches
  3 ancient liches
  5 orbs of fire
  Mara (Vaults:2)
  Josephina (Depths:2)
  Bai Suzhen (Spider:3)
  Frederick (Depths:3)
  A Killer Klown (Zot:5)
  Saint Roka (Depths:4)
  2 curse toes (Zot:3)
  4 caustic shrikes
  Jory (Depths:4)
  A profane servitor (Abyss:1)
  8 golden dragons
  7 bone dragons
  Norris (Depths:2)
  A pearl dragon (Abyss:3)
  A hellephant (Abyss:3)
  6 electric golems
  24 tentacled monstrosities
  8 liches
  23 Orb Guardians
  A walking crystal tome (Depths:2)
  4 quicksilver dragons
  A deep elf blademaster (Elf:3)
  2 deep elf master archers (Elf:3)
  2 Executioners
  5 sphinxes
  7 death cobs
  40 tentacled starspawn
  A kraken (Shoals:1)
  7 tengu reavers
  A thorn hunter (Abyss:3)
  14 storm dragons
  6 shadow dragons
  Ilsuiw (Shoals:4)
  6 draconian monks
  Kirke (Spider:3)
  A revenant (Abyss:1)
  A nagaraja (Abyss:3)
  A daeva (Abyss:1)
  10 vault wardens
  8 draconian knights
  3 emperor scorpions
  9 fire giants
  9 deep elf sorcerers
  3 frost giants
  A juggernaut zombie (Depths:1)
  5 balrugs
  6 draconian scorchers
  An iron dragon (Depths:2)
  5 deep elf elementalists (Elf:3)
  9 draconian shifters
  4 caustic shrike zombies
  11 ghost moths
  2 angels (Abyss:3)
  6 draconian annihilators
  3 orc warlords
  Louise (Shoals:2)
  4 cacodemons
  4 draconian stormcallers
  5 ironbound thunderhulks
  3 reapers
  A demonspawn blood saint (D:15)
  20 stone giants
  A spriggan defender (Depths:3)
  2 broodmothers
  4 formless jellyfish
  16 ironbound preservers
  27 very ugly things
  10 yellow draconians
  5 deep elf demonologists
  8 green draconians
  13 black draconians
  6 vampire knights
  Nessos (Orc:1)
  10 deep elf annihilators
  10 red draconians
  A bunyip (Abyss:1)
  9 dire elephants
  4 spark wasps
  11 white draconians
  12 purple draconians
  7 deep elf death magi
  4 green deaths
  6 ettins
  A blizzard demon (D:15)
  2 jiangshi (Depths:2)
  8 merfolk javelineers (Shoals:4)
  An eidolon (Abyss:1)
  A crystal guardian (Vaults:4)
  13 yaktaur captains
  Fannar (D:10)
  7 merfolk impalers
  8 rakshasas
  3 great orbs of eyes
  An ice dragon (shapeshifter) (Vaults:1)
  9 fire dragons
  7 deep elf high priests (Elf:3)
  9 entropy weavers
  15 vault guards
  12 ice dragons
  Harold (D:11)
  3 spriggan air magi
  A juggernaut simulacrum (Abyss:1)
  A peacekeeper (Vaults:4)
  A hydra (shapeshifter) (Vaults:1)
  5 hydras
  3 merfolk aquamancers (Shoals:4)
  2 alligator snapping turtles (Shoals:4)
  A jorogumo (Spider:2)
  11 ironbound frosthearts
  9 boulder beetles
  5 two-headed ogres
  A naga warrior (Abyss:1)
  Erica (Orc:1)
  23 dancing weapons
  A catoblepas (D:14)
  12 centaur warriors
  5 satyrs
  3 merfolk avatars (Shoals:4)
  A satyr (shapeshifter) (Depths:1)
  13 tengu warriors
  4 deep troll shamans
  2 radroaches
  Urug (Orc:2)
  2 titan zombies
  5 death yaks
  15 demonic crawlers
  4 hell hogs (Abyss:1)
  32 thrashing horrors
  8 deep troll earth magi
  8 spriggan berserkers
  8 deep elf knights
  6 hell knights
  2 iron trolls (Depths:3)
  6 vampire magi
  13 sun demons
  10 skysharks
  3 soul eaters
  72 large abominations
  26 wretched stars
  A shadow wraith (Shoals:3)
  A salamander mystic (Depths:4)
  2 spark wasp zombies (Depths:1)
  4 spatial maelstroms
  5 sun moths
  5 pharaoh ants
  11 sea snakes
  2 storm dragon skeletons (Abyss:1)
  11 glowing orange brains
  6 orb spiders
  11 sixfirhies
  A flayed ghost (Depths:1)
  A swamp dragon (shapeshifter) (Abyss:3)
  29 deep trolls
  A steelbarb worm (shapeshifter) (Depths:2)
  A swamp dragon (Lair:5)
  9 steelbarb worms
  A tengu zombie (Depths:1)
  9 wizards
  72 starcursed masses
  11 deep elf archers
  32 deep elf pyromancers
  A golden dragon skeleton (Abyss:3)
  A bunyip skeleton (Abyss:1)
  22 ironbound convokers
  7 harpies
  2 phantasmal warriors
  2 necromancers
  10 lindwurms
  9 orc knights
  30 deep elf zephyrmancers
  2 fire giant zombies (Depths:1)
  2 mana vipers (shapeshifter)
  An iron dragon zombie (Depths:1)
  A draconian zombie (Abyss:1)
  2 stone giant zombies (Depths:1)
  19 wolf spiders
  4 orc sorcerers
  10 manticores
  3 oklob plants (Lair:3)
  4 fauns (Shoals:4)
  3 elephants (Lair:5)
  45 ugly things
  3 salamanders
  5 cyclopes
  3 will-o-the-wisps (Abyss:1)
  A centaur zombie (Abyss:1)
  4 frost giant zombies (Depths:1)
  14 worldbinders
  27 moths of wrath
  3 black mambas
  A toenail golem (Abyss:1)
  A guardian serpent (Abyss:1)
  3 rust devils
  6 water nymphs
  9 merfolk sirens
  A stone giant skeleton (Abyss:1)
  7 apocalypse crabs
  A storm dragon simulacrum (Depths:2)
  An eye of devastation (Vaults:1)
  23 smoke demons
  2 titan simulacra (Depths:2)
  A cane toad (shapeshifter) (Abyss:1)
  A centaur skeleton (Abyss:1)
  A gargoyle (D:11)
  17 vault sentinels
  8 orange demons
  3 hellions
  8 torpor snails
  3 unseen horrors (Abyss:1)
  2 rime drakes
  2 kobold demonologists
  12 cane toads
  2 naga skeletons (Abyss:1)
  2 tengu conjurers
  3 tormentors
  3 efreet
  5 spriggan zombies
  27 yaktaurs
  5 freezing wraiths
  4 ice devils
  24 ancient zymes
  6 komodo dragons
  A queen bee (Lair:4)
  A polar bear (Lair:5)
  7 trolls
  15 meliai
  A polar bear (shapeshifter) (Abyss:3)
  21 merfolk
  A tengu simulacrum (Depths:1)
  A harpy zombie (Abyss:1)
  13 hellwings
  39 tarantellas
  2 harpy skeletons (Abyss:1)
  8 hornets
  9 snapping turtles
  10 wind drakes
  A tarantella (shapeshifter) (Abyss:3)
  28 raiju
  3 ettin zombies (Depths:1)
  Prince Ribbit (Lair:1)
  6 blink frogs
  39 slime creatures
  31 jumping spiders
  68 small abominations
  A centaur simulacrum (Abyss:1)
  5 flying skulls
  5 spriggans
  4 air elementals
  19 culicivoras
  23 ynoxinuls
  A yak (shapeshifter) (D:14)
  A spriggan (shapeshifter) (Depths:1)
  An ettin skeleton (Abyss:1)
  3 shadows
  5 water elementals
  7 wraiths
  A vampire (D:11)
  A fire dragon skeleton (Abyss:1)
  A spriggan skeleton (Depths:1)
  7 wyverns
  8 basilisks
  5 fire bats
  Grum (D:9)
  Eustachio (D:5)
  16 chaos spawn
  2 fire elementals
  A human (shapeshifter) (D:15)
  4 golden eyes
  A golden eye (shapeshifter) (Abyss:1)
  39 yaks
  3 hogs (Spider:3)
  A death yak simulacrum (D:13)
  43 redbacks
  2 steam dragons
  18 neqoxecs
  14 vampire mosquitoes
  Edmund (D:5)
  5 acid dragons
  17 spatial vortices
  3 nagas (Abyss:1)
  2 glowing shapeshifter zombies (Depths:1)
  19 water moccasins
  3 wargs
  2 hell hounds (Abyss:3)
  42 orc warriors
  3 swamp drakes (Lair:5)
  A glowing shapeshifter skeleton (Depths:1)
  8 ice beasts
  2 black bears
  2 sky beasts (D:7)
  17 wolves
  12 boggarts
  8 ogres
  26 centaurs
  A phantom (D:5)
  A kobold brigand (D:8)
  13 bullfrogs
  2 gnoll sergeants
  2 scorpions (D:5)
  4 earth elementals
  2 two-headed ogre simulacra (D:13)
  8 wights
  32 killer bees
  3 electric eels
  2 vampire bats (D:14)
  2 crimson imps
  8 quasits
  3 hounds
  16 jellies
  14 orc priests
  12 iron imps
  Jessica (D:2)
  A sleepcap (D:5)
  5 iguanas
  20 orc wizards
  A polar bear simulacrum (D:13)
  2 spriggan simulacra (D:13)
  A troll simulacrum (D:13)
  11 adders
  18 gnolls
  2 naga simulacra
  7 shadow imps
  16 white imps
  25 ufetubi
  3 dart slugs
  89 orcs
  5 ball pythons
  14 bats
  8 endoplasms
  A giant cockroach (D:1)
  6 goblins
  12 hobgoblins
  3 jackals (D:1)
  10 kobolds
  5 quokkas
  3 frilled lizards
  6 rats
  7 lurking horrors
  34 starspawn tentacles
2759 creatures vanquished.

Vanquished Creatures (others)
  An Orb Guardian (Zot:5)
  A sphinx simulacrum (Depths:2)
  A small abomination (Abyss:1)
  A swamp drake (Lair:5)
  8 foxfires (Abyss:1)
  40 starspawn tentacles
  4 tentacles (Shoals:1)
56 creatures vanquished.

Grand Total: 2815 creatures vanquished

Notes
Turn   | Place    | Note
-------+----------+-------------------------------------------
     0 | D:1      | BarneyGumball the Demigod Hunter began the quest for the
                  | Orb.
     0 | D:1      | Reached XP level 1. HP: 17/17 MP: 3/3
    37 | D:1      | Reached skill level 4 in Ranged Weapons
    42 | D:1      | Reached XP level 2. HP: 24/24 MP: 4/4
   261 | D:1      | Reached XP level 3. HP: 29/29 MP: 5/5
   802 | D:2      | Reached skill level 5 in Ranged Weapons
   830 | D:2      | Noticed Jessica
   842 | D:2      | Killed Jessica
   843 | D:2      | Reached XP level 4. HP: 22/36 MP: 6/6
  1491 | D:3      | Found Innosot's Book Shop.
  1491 | D:3      | Found Xeogace's General Store.
  1716 | D:3      | Reached skill level 6 in Ranged Weapons
  1826 | D:3      | Reached XP level 5. HP: 26/41 MP: 7/7
  2006 | D:3      | Found Fomp's Magic Scroll Shoppe.
  2042 | D:3      | Found Xorghotyb's Magic Scroll Shop.
  2043 | D:3      | Bought a scroll of immolation for 44 gold pieces
  2043 | D:3      | Bought a scroll of identify for 22 gold pieces
  2043 | D:3      | Bought a scroll of teleportation for 33 gold pieces
  2043 | D:3      | Bought a scroll of vulnerability for 44 gold pieces
  2043 | D:3      | Bought a scroll of identify for 22 gold pieces
  2043 | D:3      | Bought a scroll of teleportation for 33 gold pieces
  2043 | D:3      | Bought a scroll of identify for 22 gold pieces
  2060 | D:3      | Found Efysuucu's Distillery.
  2256 | D:4      | Noticed an ogre
  2259 | D:4      | Killed an ogre
  2260 | D:4      | Reached skill level 7 in Ranged Weapons
  2260 | D:4      | Reached XP level 6. HP: 48/48 MP: 8/8
  2758 | D:4      | Found Hyseoschaec's Antique Armour Shoppe.
  2990 | D:5      | Entered Level 5 of the Dungeon
  3392 | D:5      | Reached skill level 8 in Ranged Weapons
  3470 | D:5      | Noticed Eustachio
  3512 | D:4      | HP: 2/48 [ogre/+0 giant club (30)]
  3736 | D:5      | Reached XP level 7. HP: 53/53 MP: 9/9
  3885 | D:5      | Reached skill level 1 in Armour
  4042 | D:5      | Noticed Edmund
  4046 | D:5      | Killed Edmund
  4108 | D:5      | Killed Eustachio
  4236 | D:5      | Reached XP level 8. HP: 63/63 MP: 10/10
  4741 | D:6      | Reached skill level 9 in Ranged Weapons
  4896 | D:6      | Found Tetweib's Assorted Antiques.
  5395 | D:4      | Bought a shiny helmet for 187 gold pieces
  5581 | D:7      | Found a staircase to the Ecumenical Temple.
  5782 | D:7      | Reached skill level 1 in Stealth
  5795 | D:7      | Reached XP level 9. HP: 71/71 MP: 11/11
  5804 | D:7      | Reached skill level 10 in Ranged Weapons
  6210 | D:7      | Noticed a two-headed ogre
  6228 | D:7      | Killed a two-headed ogre
  6229 | D:7      | Reached skill level 11 in Ranged Weapons
  6257 | D:7      | Identified the +3 quarterstaff of Death's Door {flame,
                  | *Corrode Str+5}
  6858 | D:8      | Reached skill level 1 in Transmutations
  7439 | D:9      | Reached XP level 10. HP: 78/78 MP: 13/13
  7658 | D:9      | Noticed Grum
  7683 | D:9      | Killed Grum
  7684 | D:9      | Reached skill level 12 in Ranged Weapons
  7941 | D:10     | Entered Level 10 of the Dungeon
  8395 | D:6      | Bought a scroll of identify for 54 gold pieces
  8477 | D:3      | Bought a scroll of identify for 26 gold pieces
  8477 | D:3      | Bought a potion of curing for 39 gold pieces
  8477 | D:3      | Bought a scroll of fog for 52 gold pieces
  8477 | D:3      | Bought a potion of curing for 39 gold pieces
  8669 | D:10     | Noticed a two-headed ogre
  8684 | D:10     | Killed a two-headed ogre
  8685 | D:10     | Reached skill level 5 in Transmutations
  8755 | D:10     | Found a staircase to the Lair.
  8859 | D:10     | Reached skill level 13 in Ranged Weapons
  9052 | D:11     | Noticed a boulder beetle
  9134 | D:11     | Found a staircase to the Orcish Mines.
  9241 | D:11     | Noticed a two-headed ogre
  9249 | D:11     | Killed a two-headed ogre
  9250 | D:11     | Reached XP level 11. HP: 84/84 MP: 14/14
  9268 | D:11     | Noticed a two-headed ogre
  9330 | D:11     | Reached skill level 14 in Ranged Weapons
  9334 | D:11     | Learned a level 2 spell: Wereblood
  9351 | D:11     | Found a portal to a secret trove of treasure.
  9368 | D:10     | Noticed a sun demon
  9446 | Lair:1   | Entered Level 1 of the Lair of Beasts
  9447 | Lair:1   | Noticed Fannar
  9475 | D:10     | Killed Fannar
  9813 | Lair:1   | Reached skill level 5 in Fighting
  9813 | Lair:1   | Reached skill level 5 in Armour
  9813 | Lair:1   | Reached skill level 5 in Dodging
 10230 | Lair:1   | Noticed Prince Ribbit
 10255 | Lair:1   | Killed Prince Ribbit
 10430 | Lair:2   | Reached skill level 1 in Translocations
 10437 | Lair:2   | Reached skill level 1 in Spellcasting
 10727 | Lair:2   | Noticed a skyshark
 10740 | Lair:2   | Found a staircase to the Shoals.
 10861 | Lair:2   | Found a hole to the Spider Nest.
 10861 | Lair:2   | Noticed an orb spider
 10864 | Lair:2   | Killed an orb spider
 10865 | Lair:2   | Reached XP level 12. HP: 96/96 MP: 18/18
 11399 | Lair:3   | Noticed a boulder beetle
 11414 | Lair:3   | Killed a boulder beetle
 12713 | Lair:4   | Found a runed translucent door.
 12799 | Lair:4   | Noticed a five-headed hydra
 12805 | Lair:4   | Killed a five-headed hydra
 13109 | Lair:4   | Reached skill level 5 in Translocations
 13310 | Lair:4   | Identified the +2 long sword of Unkyam {antimagic, rF+
                  | Str+2 Int+2 SInv}
 13442 | Lair:4   | Reached XP level 13. HP: 98/107 MP: 21/21
 13905 | Lair:5   | Entered Level 5 of the Lair of Beasts
 13975 | Lair:5   | Found a staircase to the Slime Pits.
 15296 | D:3      | Bought a scroll of teleportation for 39 gold pieces
 15296 | D:3      | Bought a scroll of teleportation for 39 gold pieces
 15296 | D:3      | Bought a scroll of fog for 52 gold pieces
 15296 | D:3      | Bought a scroll of revelation for 97 gold pieces
 15296 | D:3      | Bought a scroll of identify for 26 gold pieces
 15326 | D:3      | Bought a book of Spatial Translocations for 234 gold pieces
 15329 | D:3      | Learned a level 2 spell: Blink
 15588 | D:9      | Identified the +1 buckler of Jotz {Str+4 Slay+6}
 15837 | D:3      | Bought a scroll of brand weapon for 123 gold pieces
 15844 | D:3      | Bought a scroll of enchant weapon for 82 gold pieces
 16155 | D:11     | Noticed Harold
 16161 | D:11     | Killed Harold
 16611 | D:12     | Reached skill level 15 in Ranged Weapons
 16962 | D:12     | Reached skill level 10 in Fighting
 17108 | D:13     | Found a frozen archway.
 17659 | D:14     | Reached XP level 14. HP: 88/121 MP: 22/22
 17870 | D:14     | Got an upside-down book
 17928 | D:14     | Reached skill level 1 in Evocations
 18070 | D:14     | Noticed Roxanne
 18130 | D:14     | Found a gate to the Vaults.
 18495 | D:15     | Entered Level 15 of the Dungeon
 18671 | D:15     | Found a staircase to the Depths.
 18742 | D:15     | Reached skill level 16 in Ranged Weapons
 18763 | D:15     | Reached skill level 10 in Armour
 19339 | Orc:1    | Entered Level 1 of the Orcish Mines
 19373 | Orc:1    | Noticed Erica
 19379 | Orc:1    | Killed Erica
 19586 | Orc:2    | Entered Level 2 of the Orcish Mines
 19586 | Orc:2    | Noticed Nessos
 19586 | Orc:2    | Found a staircase to the Elven Halls.
 19889 | Spider:1 | Entered Level 1 of the Spider Nest
 20379 | Spider:1 | Noticed a ghost moth
 20383 | Spider:1 | Killed a ghost moth
 20837 | Spider:2 | Identified the +1 kite shield of the Postmodern Stars
                  | {Str+4 SInv}
 20837 | Spider:2 | Noticed Asterion
 21241 | Spider:3 | Reached skill level 17 in Ranged Weapons
 21241 | Spider:3 | Reached XP level 15. HP: 126/126 MP: 23/23
 21478 | Spider:3 | Identified a scroll of acquirement
 21489 | Spider:3 | Reached XP level 16. HP: 134/134 MP: 24/24
 21530 | Spider:3 | Acquired the ring of Hueplymn {rPois Will+ MP+9 Dex+4}
 21606 | Spider:3 | Identified the +0 falchion "Wusch" {heavy, rN+ Will++}
 21648 | Spider:3 | Reached skill level 18 in Ranged Weapons
 22230 | Spider:2 | Noticed an Executioner
 22400 | Spider:2 | Reached skill level 19 in Ranged Weapons
 22729 | Spider:3 | Noticed Kirke
 22741 | Spider:3 | Killed Kirke
 23240 | Spider:4 | Entered Level 4 of the Spider Nest
 23607 | Spider:4 | Noticed Bai Suzhen
 23637 | Spider:3 | Killed Bai Suzhen
 23696 | Spider:4 | Reached skill level 20 in Ranged Weapons
 23829 | Spider:4 | Noticed Agnes
 24093 | Spider:4 | Reached skill level 5 in Evocations
 24433 | Spider:3 | Reached XP level 17. HP: 118/141 MP: 2/25
 24860 | Spider:4 | Got a gossamer rune of Zot
 25025 | Shoals:1 | Entered Level 1 of the Shoals
 25764 | Shoals:2 | Noticed Louise
 25772 | Shoals:2 | Killed Louise
 25885 | Shoals:2 | Acquired the ring of the Barnacle {Fly rF+ rCorr Str-3}
 26607 | Shoals:4 | Entered Level 4 of the Shoals
 26700 | Shoals:4 | Identified the +9 dagger of Karma {venom, Drain rElec rF+++
                  | rN++}
 26835 | Shoals:4 | Reached skill level 15 in Armour
 26841 | Shoals:4 | Reached skill level 10 in Dodging
 26870 | Shoals:4 | Got a barnacled rune of Zot
 26976 | Shoals:4 | Noticed Ilsuiw
 27010 | Shoals:4 | Killed Ilsuiw
 27595 | Vaults:1 | Entered Level 1 of the Vaults
 27879 | Vaults:1 | Reached XP level 18. HP: 155/155 MP: 26/26
 27911 | Vaults:1 | Found Arutemap's Magic Scroll Shoppe.
 27925 | Vaults:1 | Bought a scroll of revelation for 120 gold pieces
 27925 | Vaults:1 | Bought a scroll of blinking for 120 gold pieces
 27925 | Vaults:1 | Bought a scroll of fear for 64 gold pieces
 27925 | Vaults:1 | Bought a scroll of revelation for 120 gold pieces
 28233 | Vaults:1 | Identified the +1 leather armour of the Valley of Death
                  | {rC+ Str+2 Int-4 Dex+6}
 29124 | Vaults:1 | Reached skill level 10 in Evocations
 29372 | Vaults:1 | Found the necklace of Bloodlust {Fury *Rage Will++ Int-3
                  | Slay+6}
 29382 | Vaults:1 | Identified the +10 mace of Afushroy {protect, *Slow rN+
                  | Dex+2}
 30213 | Vaults:2 | Noticed Mara
 30295 | Vaults:2 | Killed Mara
 30530 | Vaults:2 | Identified the +3 cloak of the Catfish {rCorr Int+3 Slay+2
                  | SInv}
 30787 | Vaults:3 | Reached XP level 19. HP: 144/167 MP: 27/27
 31021 | Vaults:3 | Found a transporter.
 31021 | Vaults:3 | Found a transporter.
 31023 | Vaults:3 | Noticed Muimask's ghost (adept HOFi)
 31872 | Vaults:3 | Found a staircase to the Crypt.
 32073 | Vaults:4 | Found Ynitsih's Magic Scroll Shop.
 32112 | Vaults:4 | Bought a scroll of fear for 68 gold pieces
 32112 | Vaults:4 | Bought a scroll of teleportation for 51 gold pieces
 32112 | Vaults:4 | Bought a scroll of teleportation for 51 gold pieces
 32292 | Vaults:4 | Found Kitanic's Antique Weapon Shoppe.
 32405 | Vaults:4 | Reached skill level 15 in Fighting
 33028 | Vaults:4 | Paralysed by a formless jellyfish for 1 turns
 33112 | Vaults:4 | Found Varhopomn's Assorted Antiques.
 33123 | Vaults:4 | Bought a scroll of revelation for 300 gold pieces
 33123 | Vaults:4 | Bought a scroll of teleportation for 120 gold pieces
 33123 | Vaults:4 | Bought a polished leather armour for 280 gold pieces
 33123 | Vaults:4 | Identified the +1 leather armour of Las Ylow {rF++} (You
                  | bought it in a shop on level 4 of the Vaults)
 33461 | Vaults:4 | Found Woyluez's Assorted Antiques.
 33469 | Vaults:4 | Bought a potion of curing for 78 gold pieces
 33469 | Vaults:4 | Bought a scroll of blinking for 195 gold pieces
 33469 | Vaults:4 | Bought a potion of curing for 78 gold pieces
 33469 | Vaults:4 | Bought a scroll of immolation for 104 gold pieces
 33527 | Vaults:4 | Found Ugowourgh's Distillery.
 33532 | Vaults:4 | Bought a potion of resistance for 180 gold pieces
 33532 | Vaults:4 | Bought 2 potions of curing for 108 gold pieces
 33705 | Depths:1 | Entered Level 1 of the Depths
 33740 | Depths:1 | Found a one-way gateway to a ziggurat.
 33825 | Depths:1 | Found a gateway to Hell.
 33863 | Depths:1 | Reached skill level 15 in Dodging
 34169 | Depths:1 | Reached XP level 20. HP: 178/178 MP: 28/28
 35280 | Depths:2 | Identified the staff "Onynad" {rElec rPois rC+ Str-3 Ice}
 35280 | Depths:2 | Identified the ring of Fukk {Ice rElec rPois rN+}
 35280 | Depths:2 | Noticed Josephina
 35516 | Depths:2 | Killed Josephina
 35717 | Depths:2 | Found a one-way gate leading to the halls of Pandemonium.
 36219 | Depths:2 | Noticed Norris
 36226 | Depths:2 | Killed Norris
 36416 | Depths:2 | Identified the +3 plate armour of Wuvit {rElec rF+ rC-
                  | Dex+3}
 36421 | Depths:2 | Identified the staff "Mibur" {Fly rPois rC+ rCorr Dex+4
                  | Poison}
 36866 | Depths:4 | Entered Level 4 of the Depths
 36866 | Depths:4 | Noticed Saint Roka
 36916 | Depths:3 | Found a one-way gate to the infinite horrors of the Abyss.
 37311 | D:3      | Bought a book of Geomancy for 364 gold pieces
 37314 | D:3      | Learned a level 2 spell: Passwall
 37326 | D:3      | Bought a scroll of revelation for 82 gold pieces
 37360 | D:4      | Bought a pair of embroidered boots for 187 gold pieces
 37692 | Depths:2 | Reached XP level 21. HP: 185/188 MP: 30/30
 37788 | Depths:3 | Reached skill level 1 in Earth Magic
 37869 | Depths:3 | Noticed Frederick
 37876 | Depths:3 | Killed Frederick
 38106 | Depths:2 | Reached skill level 21 in Ranged Weapons
 38123 | Depths:2 | Noticed a caustic shrike
 38129 | Depths:2 | Killed a caustic shrike
 38199 | Depths:2 | Found the +8 lance "Wyrmbane" {slay drac, rPois rF+ rC+
                  | AC+3}
 38274 | Depths:4 | Noticed a caustic shrike
 38274 | Depths:4 | Noticed a caustic shrike
 38274 | Depths:4 | Noticed a caustic shrike
 38321 | Depths:4 | Killed a caustic shrike
 38328 | Depths:3 | Killed a caustic shrike
 38371 | Depths:4 | Killed a caustic shrike
 38381 | Depths:4 | Noticed a golden dragon
 38445 | Depths:3 | Killed a golden dragon
 38446 | Depths:3 | Reached skill level 15 in Evocations
 38593 | Depths:4 | Killed Saint Roka
 38701 | Depths:4 | Noticed Jory
 38709 | Depths:4 | Killed Jory
 38715 | Depths:4 | Identified the +3 chain mail of the Elephant {rPois Str+2}
 38921 | Depths:4 | Acquired 899 gold pieces
 39484 | Depths:4 | Found a gate to the Realm of Zot.
 39916 | D:3      | Bought a scroll of immolation for 52 gold pieces
 39916 | D:3      | Bought a scroll of enchant armour for 97 gold pieces
 39928 | D:3      | Bought a scroll of enchant armour for 97 gold pieces
 40288 | Depths:3 | Voluntarily entered the Abyss.
 40460 | Abyss:1  | Paralysed by an air elemental for 1 turns
 41575 | Abyss:1  | Reached XP level 22. HP: 201/201 MP: 31/31
 41746 | Abyss:1  | Noticed a dread lich
 41760 | Abyss:1  | Killed a dread lich
 41804 | Abyss:1  | Reached skill level 22 in Ranged Weapons
 44475 | Abyss:1  | Noticed a dread lich
 44495 | Abyss:1  | Killed a dread lich
 44819 | Abyss:1  | Found a transporter.
 44846 | Abyss:1  | Reached XP level 23. HP: 203/213 MP: 32/32
 44906 | Abyss:1  | Gained mutation: You have hidden genetic defects. [a
                  | neqoxec]
 44965 | Abyss:1  | Lost mutation: You have hidden genetic defects. [potion of
                  | mutation]
 44965 | Abyss:1  | Gained mutation: You are strong-willed. (Will+) [potion of
                  | mutation]
 45039 | Abyss:1  | Reached skill level 23 in Ranged Weapons
 45212 | Abyss:1  | Gained mutation: You have a pair of small horns on your
                  | head. [a neqoxec]
 45444 | Abyss:3  | Gained mutation: You occasionally lose the ability to drink
                  | potions when taking damage. [a cacodemon]
 45602 | Abyss:3  | Learned a level 1 spell: Apportation
 45789 | Abyss:3  | Found a transporter.
 45960 | Abyss:3  | Noticed an ancient lich
 45976 | Abyss:3  | Killed an ancient lich
 46575 | Abyss:3  | Noticed a dread lich
 46583 | Abyss:3  | Killed a dread lich
 47343 | Abyss:3  | Got an abyssal rune of Zot
 47363 | Depths:3 | Escaped the Abyss
 47598 | Orc:1    | Killed Nessos
 47773 | Orc:1    | Found Tyjuvoes's Gadget Gallery.
 48138 | Orc:2    | Noticed Urug
 48141 | Orc:2    | Killed Urug
 48142 | Orc:2    | Reached XP level 24. HP: 225/225 MP: 32/32
 48156 | Orc:2    | Found Ruitoimm's General Store.
 48159 | Orc:2    | Found Kitizxas's Book Emporium.
 48159 | Orc:2    | Found Rienax Netu's Book Shop.
 48161 | Orc:2    | Found Mazoosoa's Assorted Antiques.
 48170 | Orc:2    | Bought a scroll of teleportation for 90 gold pieces
 48170 | Orc:2    | Bought a potion of mutation for 240 gold pieces
 48175 | Orc:2    | Bought a scroll of butterflies for 52 gold pieces
 48357 | Elf:1    | Entered Level 1 of the Elven Halls
 48422 | Elf:1    | Found a flickering gateway to a bazaar.
 48431 | Elf:1    | Reached skill level 24 in Ranged Weapons
 48446 | Bazaar   | Entered a bazaar
 48459 | Bazaar   | Found Ysil's Jewellery Shoppe.
 48470 | Bazaar   | Found Xyso's Assorted Antiques.
 48478 | Bazaar   | Bought a potion of cancellation for 192 gold pieces
 48478 | Bazaar   | Bought a scroll of teleportation for 72 gold pieces
 48528 | Bazaar   | Found Ponwopp's Magic Scroll Shoppe.
 48534 | Bazaar   | Bought a scroll of poison for 48 gold pieces
 48534 | Bazaar   | Bought a scroll of teleportation for 36 gold pieces
 48583 | Bazaar   | Found Tafopnyk's Assorted Antiques.
 48728 | Bazaar   | Bought a pair of slimy gloves for 199 gold pieces
 48728 | Bazaar   | Identified the +0 pair of gloves of Henotheism {rPois rF++
                  | Will+ Int+2} (You bought it in a shop in a bazaar)
 48758 | Bazaar   | Bought a pitted scale mail for 216 gold pieces
 48758 | Bazaar   | Identified the +0 scale mail "Cahaih" {Harm Drain Int+4}
                  | (You bought it in a shop in a bazaar)
 48758 | Bazaar   | Bought a scroll of fog for 96 gold pieces
 49885 | Elf:2    | Found a runed translucent gate.
 49887 | Elf:2    | Found a runed translucent gate.
 49887 | Elf:2    | Found a runed translucent gate.
 49954 | Elf:2    | Found a runed translucent door.
 49954 | Elf:2    | Identified the +7 broad axe "Tasan" {chaos, rPois rCorr}
 50011 | Elf:2    | Noticed Niuneny's ghost (journeyman FeEE)
 50129 | Elf:3    | Entered Level 3 of the Elven Halls
 50362 | Elf:3    | Found Domej's Distillery.
 50368 | Elf:3    | Bought a potion of heal wounds for 90 gold pieces
 50368 | Elf:3    | Bought a potion of heal wounds for 90 gold pieces
 50368 | Elf:3    | Bought a potion of mutation for 144 gold pieces
 50961 | Elf:3    | Identified the +0 rapier of the Mashing Big Fish {flame,
                  | Will++}
 50970 | Elf:3    | Got a droning book
 51016 | Elf:3    | Identified the +5 trident "Hoymm" {speed, +Blink rF+ Dex-2}
 51087 | Elf:3    | Got a murmuring book
 51147 | Elf:3    | Identified the +1 scimitar of the Thirsty Demons {freeze,
                  | rPois rF++ Dex+3 Stlth+}
 51156 | Elf:3    | Got a faded book
 51244 | Elf:3    | Acquired 1313 gold pieces
 51690 | D:11     | You paid a toll of 15 scrolls of teleportation to enter a
                  | treasure trove
 51691 | Trove    | Entered a treasure trove
 51693 | Trove    | Found the +2 pair of slick slippers {slick, slippery, EV+4}
 51700 | Trove    | Identified the +6 scale mail of Objectivity {Str+3 Dex+3
                  | Stlth-}
 51704 | Trove    | Identified the +7 chain mail of Duty {Str+4}
 51709 | Trove    | Identified the -1 pair of gloves of Boredom {MP+9 Str+3}
 51710 | Trove    | Identified the +0 hat "Qofos" {rPois Int+3 Stlth+}
 51836 | Orc:1    | Bought a lightning rod (4/4) for 520 gold pieces
 51836 | Orc:1    | Bought a phantom mirror for 520 gold pieces
 52079 | Zot:1    | Entered Level 1 of the Realm of Zot
 52229 | Zot:1    | Identified the +6 hand axe "Humimel" {heavy, rPois rF+
                  | Stlth+}
 52575 | Zot:1    | Reached skill level 25 in Ranged Weapons
 53528 | Zot:3    | Reached XP level 25. HP: 235/235 MP: 32/32
 53664 | Zot:3    | Reached skill level 26 in Ranged Weapons
 54416 | Zot:4    | Noticed an orb of fire
 54530 | Zot:4    | Killed an orb of fire
 54641 | Zot:4    | Reached skill level 27 in Ranged Weapons
 54931 | Zot:4    | Found a transporter.
 55013 | Zot:5    | Entered Level 5 of the Realm of Zot
 55434 | Zot:5    | Noticed a dread lich
 55449 | Zot:5    | Killed a dread lich
 55551 | Zot:5    | Noticed an orb of fire
 55590 | Zot:5    | Noticed an orb of fire
 55609 | Zot:5    | Gained mutation: You are frail. (-10% HP) [an orb of fire]
 55611 | Zot:5    | Killed an orb of fire
 55682 | Zot:5    | Noticed an orb of fire
 55712 | Zot:5    | Killed an orb of fire
 55800 | Zot:5    | Killed an orb of fire
 55948 | Zot:5    | Noticed an ancient lich
 55967 | Zot:5    | Killed an ancient lich
 55972 | Zot:5    | Reached XP level 26. HP: 150/222 MP: 32/32
 56024 | Zot:5    | Noticed an orb of fire
 56028 | Zot:5    | Noticed an ancient lich
 56031 | Zot:5    | Gained mutation: Your spells are a little easier to cast,
                  | but a little less powerful. [an orb of fire]
 56036 | Zot:5    | Gained mutation: You are weak. (Str -2) [an orb of fire]
 56038 | Zot:5    | Gained mutation: You occasionally lose the ability to read
                  | scrolls when taking damage. [an orb of fire]
 56054 | Zot:5    | Killed an ancient lich
 56054 | Zot:5    | Gained mutation: You are dopey. (Int -2) [an orb of fire]
 56056 | Zot:5    | Killed an orb of fire
 56060 | Zot:5    | Lost mutation: You occasionally lose the ability to read
                  | scrolls when taking damage. [potion of mutation]
 56060 | Zot:5    | Lost mutation: You have a pair of small horns on your head.
                  | [potion of mutation]
 56060 | Zot:5    | Gained mutation: You are highly strong-willed. (Will++)
                  | [potion of mutation]
 56060 | Zot:5    | Gained mutation: You are partially covered in iridescent
                  | scales. (AC +2) [potion of mutation]
 56060 | Zot:5    | Lost mutation: Your spells are a little easier to cast, but
                  | a little less powerful. [potion of mutation]
 56061 | Zot:5    | Lost mutation: You occasionally lose the ability to drink
                  | potions when taking damage. [potion of mutation]
 56061 | Zot:5    | Lost mutation: You are partially covered in iridescent
                  | scales. (AC +2) [potion of mutation]
 56061 | Zot:5    | Gained mutation: You are partially covered in iridescent
                  | scales. (AC +2) [potion of mutation]
 56061 | Zot:5    | Gained mutation: You are mostly covered in iridescent
                  | scales. (AC +4) [potion of mutation]
 56078 | Zot:5    | Got the Orb of Zot
 56204 | Depths:2 | Noticed Tacushu the pandemonium lord
 56218 | Depths:1 | Noticed Emuxuq the pandemonium lord
 56592 | D:$      | Escaped with the Orb!

Illustrated notes

Levels and vault maps discovered:
D:1:      dpeg_arrival_subterranean_lakeside_camping, layout_rooms
D:2:      layout_basic, basic_altar, uniq_jessica
D:3:      layout_rooms, serial_shops, nicolae_shop_peninsula, shop,
          nicolae_shop_tiny_real_fake_doors, nicolae_shop_tiny_glass,
          nicolae_shop_behind_doors, basic_ecumenical_altar
D:4:      layout_gridville, serial_shops, nicolae_shop_peninsula
D:5:      minmay_general_purpose_star, layout_rooms, serial_rivers,
          chequers_serial_rivers_large_a, chequers_serial_rivers_micro_e,
          chequers_serial_rivers_micro_c, chequers_serial_rivers_micro_a,
          chequers_serial_rivers_micro_a, chequers_serial_rivers_large_b,
          uniq_eustachio, uniq_edmund
D:6:      layout_loops_ring, lemuel_crystal_altar, grunt_temple_overflow_open,
          serial_shops, shop, minmay_fractal_squares_5
D:7:      minmay_blocky_corners, layout_basic, fedhas_altar_1, tso_metal_star,
          minmay_temple_entry_antechambers
D:8:      layout_loops_ring
D:9:      layout_rooms, mainiacjoe_overflow_cross_hatched, uniq_grum
D:10:     layout_rooms, grunt_lair_entry_orc_guard_hut
D:11:     layout_basic, orc_0_dummy, nicolae_trove_entry_crossroad, uniq_harold
D:12:     layout_cave_pools
D:13:     layout_rooms, portal_ice_cave_entry_ice_simulacra,
          dancing_weapons_uskayaw
D:14:     layout_roguey, erik_vaults_1, infiniplex_staircase_spiral,
          roderic_batcave, kennysheep_small_circle, uniq_roxanne
D:15:     grunt_enter_depths_snipers, layout_irregular_city,
          nicolae_two_hexagons
Lair:1:   layout_hall_layers, uniq_prince_ribbit2, uniq_fannar
Lair:2:   layout_gridlike, elwin_shoals_entry_rocks,
          nicolae_spider_entry_orb_guardian, grunt_forest_large_clearing_hut,
          lemuel_fruit_fields, lemuel_fruit_tree
Lair:3:   minmay_lair_oklob_chamber, layout_long_grid, serial_bayou_pond_c,
          chequers_serial_rivers_room_b, serial_bayou_shore_a
Lair:4:   layout_roguey [special_room_bee], pf_torpor_hydra
Lair:5:   guppyfry_lair_end_dragon, layout_regular_city,
          minmay_slime_entry_jelly_boxes, minivault_26,
          chequers_serial_rivers_small_b, serial_bayou_lake_a
Shoals:1: layout_shoals, nicolae_shoals_kraken_intersection
Shoals:2: layout_shoals, uniq_louise
Shoals:3: layout_shoals, nicolae_shoals_nautilus_by_nature,
          nicolae_shoals_lost_giant_hut, nicolae_shoals_hidden_pirate_stash
Shoals:4: shoals_end_simple, layout_shoals, shoals_ilsuiw_alternative,
          nicolae_shoals_cliffside_cave, uniq_polyphemus
Spider:1: layout_spider_delve, nicolae_spider_checkerboard
Spider:2: nicolae_spider_hilbert_zone_4 [nicolae_spider_hilbert_4_sides_2_open,
          nicolae_spider_hilbert_4_sides_1_open,
          nicolae_spider_hilbert_4_sides_1_open,
          nicolae_spider_hilbert_4_sides_1_open,
          nicolae_spider_hilbert_4_sides_1_open,
          nicolae_spider_hilbert_2_sides_1_open,
          nicolae_spider_hilbert_2_sides_1_open,
          nicolae_spider_hilbert_2_sides_1_open,
          nicolae_spider_hilbert_2_sides_1_open,
          nicolae_spider_hilbert_6_sides_1_open,
          nicolae_spider_hilbert_6_sides_1_open,
          nicolae_spider_hilbert_3_sides_1_open,
          nicolae_spider_hilbert_3_sides_1_open], gammafunk_ghost_necromancy,
          uniq_asterion
Spider:3: layout_spider_delve, nicolae_spider_cling_halls, uniq_kirke
Spider:4: hellmonk_spider_rune_bug_friends, uniq_bai_suzhen, uniq_agnes
Orc:1:    cheibrodos_orc_arena, layout_caves, nicolae_shop_gadgets, uniq_erica
Orc:2:    st_orc_rangers, layout_diamond_mine, basic_altar, uniq_urug,
          uniq_nessos
Elf:1:    layout_rooms, serial_shops, bzr_entry_islet, serial_sigils,
          serial_sigils_hangedman_gut, serial_sigils_hangedman_gnaw,
          serial_sigils_hangedman_quiver, serial_sigils_hangedman_clutch,
          serial_sigils_hangedman_snap, minmay_elf_sorcery,
          lemuel_upstairs_altar
Elf:2:    elven_hall_of_blades_hangedman_original [nicolae_blade_tridents],
          layout_geoelf_octagon, ebering_ghost_xom
Elf:3:    nooodl_elf_gasket, layout_geoelf_octagon, serial_shops,
          nicolae_diamond_shop
Vaults:1: nicolae_vaults_shelves_hall, nicolae_vaults_house_3,
          nicolae_vaults_offset_grid_hallway_1, hangedman_vaults_impose,
          nicolae_vaults_little_squares_1, hangedman_vaults_snaps,
          vaults_mumra_minichess_inversion, v_alt_pattern_5,
          vaults_room_grunt_arrival_checkpoint, hangedman_vaults_unwind,
          ontoclasm_vaults_claustrophobia, st_greater_box_3,
          nicolae_vaults_sealed_display, nicolae_vaults_trapezoid_3,
          nicolae_vaults_little_ls, nicolae_vaults_tetromino_T_2, v_misc_17,
          layout_vaults_maze, serial_shops, nicolae_shop_tiny_waterfront
Vaults:2: vaults_room_fours, nicolae_vaults_variable_pillar_hall,
          nicolae_vaults_sesquioval_fish, vaults_standard_mumra_lines,
          nicolae_vaults_security_offices_3, nicolae_vaults_weapon_check,
          nicolae_vaults_angled_halls, nicolae_vaults_turnstiles,
          vaults_dpeg_encased_lava, layout_vaults_big_room, uniq_mara
Vaults:3: gammafunk_ghost_wrathful_warriors, nicolae_vaults_hexular_roomagon,
          hangedman_vaults_stitches, nicolae_vaults_house_2,
          minmay_crypt_entry_necro_gods, nicolae_vaults_cochlea,
          nicolae_vaults_octothorpe, nicolae_vaults_layer_cake_slice,
          nicolae_vaults_heart-shaped_vault, nicolae_vaults_tangram_1,
          vaults_room_octagon, nicolae_vaults_wrenched, layout_vaults_ring
Vaults:4: nicolae_vaults_cornered_office, nicolae_vaults_apartment_1,
          v_pattern_5, nicolae_vaults_house_1, vaults_room_fours,
          nicolae_vaults_network_periphery, st_cells, vaults_room_pools,
          grunt_vaults_focal, layout_vaults_quadrants, serial_shops,
          nicolae_shop_overgrown_old_shop, nicolae_shop_tiny_statue_garden,
          shop, shop, nicolae_shop_overgrown_old_shop
Depths:1: layout_honeycomb, enter_ziggurat_a, nicolae_vehumet_altar_sigil,
          hangedman_coc_ice_floe, kennysheep_another_room,
          nicolae_yredelemnul_corpse_copse
Depths:2: minmay_nested_s, layout_cave_pools, hangedman_tar_grid_catacomb,
          rand_demon_pan_entry_4, minmay_staircase_bubble, uniq_norris,
          uniq_josephina
Depths:3: minmay_slanted_spiral_squares, layout_gridville, hell_entry,
          abyss_entry, serial_sigils_hangedman_snap, uniq_frederick
Depths:4: evilmike_zot_entry_basic, layout_gridlike, hellmouth_3,
          minmay_misc_feat_columns, abyss_entry, uniq_jory, uniq_saint_roka
Zot:1:    layout_gridlike, grunt_megastairs_3
Zot:2:    layout_onion_interference
Zot:3:    layout_twisted_circle
Zot:4:    layout_misc_corridors, nicolae_diode_basic
Zot:5:    layout_gridlike, grunt_ministairs_10

Skill      XL: |  1  2  3  4  5  6  7  8  9 10 11 12 13 14 15 16 17 18 19 20 21 22 23 24 25 |
---------------+----------------------------------------------------------------------------+-----
Ranged Weapons | 4 5 6 7 8 9 11 13 14 15 17 20 21 22 23 25 27 | 27.0
Fighting       | 3 4 6 7 10 12 14 15 16 17 19 20 21 22 | 22.4
Dodging        | 3 4 6 7 8 11 13 15 16 17 19 20 21 22 | 22.3
Armour         | 2 4 6 7 8 12 13 15 16 | 16.6
Stealth        | 1 4 |  4.0
Transmutations | 2 5 6 |  6.0
Translocations | 2 5 6 |  6.0
Spellcasting   | 2 3 |  3.0
Evocations     | 4 5 8 11 13 14 15 | 15.0
Earth Magic    | 2 |  2.0

Action                     |  1- 3 |  4- 6 |  7- 9 | 10-12 | 13-15 | 16-18 | 19-21 | 22-24 | 25-27 || total
---------------------------+-------+-------+-------+-------+-------+-------+-------+-------+-------++-------
  Melee: Orcbow            |       |       |       |       |     1 |       |       |       |       ||     1
         Longbow           |       |       |       |       |     1 |     3 |       |       |       ||     4
   Fire: Shortbow          |   100 |    19 |       |       |       |       |       |       |       ||   119
         Orcbow            |       |   224 |   389 |   838 |   293 |       |       |       |       ||  1744
         Longbow           |       |       |       |       |   640 |  1632 |  1889 |  2663 |   761 ||  7585
   Cast: Wereblood         |       |       |       |       |       |       |       |       |     1 ||     1
  Evoke: Wand              |       |       |       |     2 |     2 |       |     2 |     2 |     5 ||    13
         Condenser vane    |       |       |       |       |       |       |     2 |       |       ||     2
    Use: Scroll            |       |     8 |     5 |    12 |    23 |     9 |     7 |     5 |     5 ||    74
         Potion            |       |     1 |       |     2 |     6 |    11 |       |     1 |     3 ||    24
 Armour: Leather armour    |    16 |       |       |       |       |    56 |   110 |    26 |       ||   208
         Robe              |       |    82 |    78 |    16 |       |       |       |       |       ||   176
         Troll leather arm |       |       |       |   105 |   101 |   311 |    26 |   196 |   166 ||   905
         Swamp dragon scal |       |       |       |       |   136 |     3 |       |       |       ||   139
         Skin              |       |       |       |       |       |     1 |       |       |       ||     1
  Dodge: Dodged            |    19 |   105 |   121 |   366 |   759 |   698 |   480 |  1024 |   530 ||  4102

Table legend: (Time is in decaauts)
 A = Elapsed time spent in this place.
 B = Non-inter-level travel time spent in this place.
 C = Inter-level travel time spent in this place.
 D = Time resting spent in this place.
 E = Time spent auto-exploring this place.
 F = Levels seen in this place.
 G = Mean time per level.
                   A        B        C        D        E       F      G
               +--------+--------+--------+--------+--------+-----+--------+
         Total |  54913 |  47650 |   7263 |   4860 |  22736 |  51 | 1076.7 |
       Dungeon |  16210 |  12340 |   3870 |   1131 |   7769 |  15 | 1080.7 |
          Lair |   5864 |   5316 |    548 |    487 |   3363 |   5 | 1172.8 |
        Shoals |   2410 |   2217 |    193 |    126 |    535 |   4 |  602.5 |
   Spider Nest |   4799 |   4426 |    373 |   1405 |   1147 |   4 | 1199.8 |
  Orcish Mines |   1040 |    897 |    143 |      6 |    606 |   2 |  520.0 |
   Elven Halls |   2576 |   2216 |    360 |     82 |   1253 |   3 |  858.7 |
        Vaults |   5806 |   5408 |    398 |    428 |   3592 |   4 | 1451.5 |
        Depths |   5480 |   4373 |   1107 |    361 |   2359 |   4 | 1370.0 |
           Zot |   3835 |   3567 |    268 |    406 |   1881 |   5 |  767.0 |
         Abyss |   6478 |   6478 |      0 |    425 |      0 |   3 | 2159.3 |
        Bazaar |    342 |    342 |      0 |      0 |    230 |   1 |  342.0 |
         Trove |     67 |     67 |      0 |      0 |      0 |   1 |   67.0 |
               +--------+--------+--------+--------+--------+-----+--------+

Top non-repeatable levels by time:
 Abyss:1: 4601 daAuts
Spider:3: 2065 daAuts
Vaults:1: 1900 daAuts
 Abyss:3: 1863 daAuts
Depths:2: 1709 daAuts
Depths:1: 1644 daAuts
     D:4: 1453 daAuts
Vaults:4: 1434 daAuts
     D:5: 1425 daAuts
     D:8: 1357 daAuts
    D:14: 1327 daAuts
  Lair:4: 1293 daAuts
Vaults:3: 1240 daAuts
Vaults:2: 1230 daAuts
  Lair:3: 1228 daAuts
